 Dungeon Crawl Stone Soup version 0.31-a0-1027-gfb7600b534 (webtiles) character file.

Game seed: 7363240685091435625

670 ChronoRanger the Cudgeller (level 7, -10/62 HPs)
             Began as a Minotaur Fighter on Nov 18, 2023.
             Mangled by an ogre
             ... wielding a +0 giant spiked club
              (33 damage)
             ... on level 5 of the Dungeon.
             The game lasted 00:07:04 (3145 turns).

ChronoRanger the Cudgeller (Minotaur Fighter)       Turns: 3145, Time: 00:07:04

Health: -10/62     AC: 12    Str: 22    XL:     7   Next: 32%
Magic:  0/0        EV:  6    Int:  5    God:
Gold:   204        SH:  5    Dex: 12    Spells: 6/6 levels left

rFire   . . .        a - +0 flail
rCold   + + +        c - +0 buckler
rNeg    . . .        p - +0 plate armour
rPois   .            (helmet restricted)
rElec   +            (no cloak)
rCorr   .            (no gloves)
SInv    .            (no boots)
Will    +....        (no amulet) Stlth
                     j - ring of Yhacweec {rElec rC+++ Will+ MP-9 Dex+2}
HPRegen 0.30/turn    (no ring)
MPRegen 0.07/turn

%: no passive effects
@: mighty
A: horns 2, retaliatory headbutt
a: no special abilities


You were on level 5 of the Dungeon.
You visited 1 branch of the dungeon, and saw 5 of its levels.
You also visited: Sewer.

You collected 204 gold pieces.

Inventory:

Hand Weapons
 a - a +0 flail (weapon)
Armour
 c - a +0 buckler (worn)
 p - a +0 plate armour (worn)
Jewellery
 j - the ring of Yhacweec (left hand) {rElec rC+++ Will+ MP-9 Dex+2}
   (You found it on level 2 of the Dungeon)

   [ring of willpower]

   Dex+2:     It affects your dexterity (+2).
   rC+++:     It renders you almost immune to cold.
   rElec:     It insulates you from electricity.
   Will+:     It increases your willpower.
   MP-9:      It affects your magic capacity (-9).
Scrolls
 f - a scroll of brand weapon {unknown}
 g - a scroll of teleportation {unknown}
 h - a scroll of blinking
 l - a scroll of immolation
 n - 2 scrolls of poison {unknown}
 o - a scroll of fear {unknown}
 q - a scroll of enchant armour {unknown}
 t - a scroll of noise {unknown}
Potions
 b - 4 potions of magic
 d - 3 potions of might
 e - a potion of curing {unknown}
 i - a potion of ambrosia
 k - 2 potions of haste
 m - 3 potions of invisibility
 r - a potion of cancellation
 s - a potion of attraction {unknown}


   Skills:
 + Level 5.6 Fighting
 * Level 6.4 Maces & Flails
 + Level 5.6 Armour
 + Level 5.5 Shields


You had 6 spell levels left.
You didn't know any spells.
Your spell library contained the following spells:

 Spells                   Type           Power      Damage    Failure   Level
 Sandblast                Erth           0%         2d4       100%        1
 Passwall                 Tmut/Erth      0%         N/A       100%        2
 Sublimation of Blood     Necr           0%         N/A       100%        2
 Stone Arrow              Conj/Erth      0%         3d7       100%        3
 Summon Guardian Golem    Hex/Summ       0%         N/A       100%        3
 Brom's Barrelling Bould  Conj/Erth      0%         2d3       100%        4
 Borgnjor's Vile Clutch   Necr/Erth      0%         N/A       100%        5
 Orb of Destruction       Conj           0%         9d5       100%        7
 Spellforged Servitor     Conj/Summ      0%         N/A       100%        7


Dungeon Overview and Level Annotations

Branches:
Dungeon (5/15)              Sewer (visited)
 Temple: D:4-7

Altars:
Gozag
Qazlal
Ru
Sif Muna

Annotations:
D:5 Grinder


Innate Abilities, Weirdness & Mutations

You have a pair of horns on your head.
You reflexively headbutt those who attack you in melee.


Message History

No target in view!
An ogre comes into view. It is wielding a +0 giant club.
You sock the ogre! Your headbutt misses the ogre.
The ogre is heavily wounded.
The ogre barely misses you. You furiously retaliate!
You headbutt the ogre! You barely miss the ogre.
The ogre is almost dead.
The ogre hits you with a +0 giant club!!
You hit the ogre.
You kill the ogre!
No target in view!
Found a book of Geomancy.
Found a stone staircase leading up.
You pick up a book of Geomancy and begin reading...
You add the spells Sandblast, Passwall, Stone Arrow and Brom's Barrelling Boulder to your library.
Grinder comes into view.
Grinder shouts!
An ogre comes into view. It is wielding a +0 giant spiked club.
You closely miss Grinder.
Grinder says, "DUCK!"
Grinder gestures at you. You resist with almost no effort.
You barely miss Grinder. Grinder gestures at you.
You resist with almost no effort. The ogre hits you but does no damage.
Grinder hits you.
You writhe in agony.
You barely miss Grinder.
The ogre hits you with a +0 giant spiked club!!
Grinder blinks!
You barely miss the ogre.
You headbutt the ogre, but do no damage.
The ogre hits you with a +0 giant spiked club!
* * * LOW HITPOINT WARNING * * *
Grinder blinks!
You are too injured to fight recklessly!
You feel very mighty all of a sudden.
You barely miss the ogre.
The ogre hits you with a +0 giant spiked club!!
Ouch! That really hurt!
You die...

#.........#..##.....
...
###...#...##..##.
#...##.........
###....##.....###
#.......#......#
....<...#.###....
###........#.##.##
................#
#.###.@#........
#..O.......
..#.........
#..#......... ##
.......5.#
.........#
##........ .......


You could see Grinder and an ogre.

Vanquished Creatures
  Prince Ribbit (D:5)
  Pargi (Sewer)
  An ogre (D:5)
  A jelly (D:4)
  A hound (D:4)
  2 orc priests
  An orc wizard (D:5)
  9 adders
  2 ufetubi (D:5)
  A dart slug (D:4)
  13 orcs
  2 endoplasms
  2 giant cockroaches
  6 goblins
  3 hobgoblins
  13 jackals
  4 kobolds
  A quokka (D:1)
  4 ball pythons
  A bat (D:2)
  5 frilled lizards
  4 rats
78 creatures vanquished.

Notes
Turn   | Place    | Note
-------+----------+-------------------------------------------
     0 | D:1      | ChronoRanger the Minotaur Fighter began the quest for the
                  | Orb.
     0 | D:1      | Reached XP level 1. HP: 19/19 MP: 0/0
    85 | D:1      | You fall into a shaft and drop 1 floor!
   538 | D:2      | Reached XP level 2. HP: 27/27 MP: 1/1
   561 | D:2      | Reached skill level 3 in Maces & Flails
   739 | D:2      | Reached XP level 3. HP: 33/33 MP: 2/2
   812 | D:2      | Identified the ring of Yhacweec {rElec rC+++ Will+ MP-9
                  | Dex+2}
  1127 | Sewer    | Identified the "Hiwatut"
  1225 | D:3      | Found a shimmering blue altar of Sif Muna.
  1334 | D:3      | Found a stormy altar of Qazlal.
  1382 | D:3      | Found a glowing drain.
  1391 | Sewer    | Entered a sewer
  1404 | Sewer    | Reached XP level 4. HP: 39/40 MP: 0/3
  1486 | Sewer    | Noticed Pargi
  1502 | Sewer    | Killed Pargi
  1503 | Sewer    | Reached skill level 4 in Maces & Flails
  1503 | Sewer    | Reached XP level 5. HP: 19/47 MP: 0/4
  2230 | D:4      | Reached skill level 5 in Maces & Flails
  2311 | D:4      | Reached XP level 6. HP: 48/55 MP: 0/5
  2466 | D:4      | Found an opulent altar of Gozag.
  2650 | D:4      | Found a sacrificial altar of Ru.
  2770 | D:5      | Entered Level 5 of the Dungeon
  2778 | D:5      | Noticed Prince Ribbit
  2790 | D:5      | Reached skill level 5 in Fighting
  2790 | D:5      | Reached skill level 5 in Armour
  2803 | D:5      | Killed Prince Ribbit
  2804 | D:5      | Reached skill level 6 in Maces & Flails
  2804 | D:5      | Reached skill level 5 in Shields
  2806 | D:5      | Reached XP level 7. HP: 36/61 MP: 0/6
  3137 | D:5      | Noticed Grinder
  3145 | D:5      | Mangled by an ogre

Illustrated notes

Levels and vault maps discovered:
D:1:      amcnicky_arrival_abandoned_market, layout_basic
D:2:      layout_basic, kennysheep_pointless_box, minmay_strange_pillars,
          minmay_stone_trees_medium
D:3:      layout_loops_ring, nicolae_qazlal_scattered_showers,
          kennysheep_orc_sif_temple, portal_sewer_entry_d
D:4:      layout_cave_pools, nicolae_ru_awakened_eye,
          nicolae_gozag_cash_rules_everything_around_me
D:5:      layout_cave_pools, mainiacjoe_overflow_paths, uniq_grinder,
          uniq_sigmund, uniq_prince_ribbit1

Skill      XL: |  1  2  3  4  5  6 |
---------------+-------------------+-----
Maces & Flails | 3 4 5 6 |  6.4
Fighting       | 4 5 |  5.6
Armour         | 4 5 |  5.6
Shields        | 4 5 |  5.5

Action                     |  1- 3 |  4- 6 |  7- 9 || total
---------------------------+-------+-------+-------++-------
  Melee: Flail             |    75 |    93 |    24 ||   192
         Headbutt          |    10 |    13 |     5 ||    28
    Use: Scroll            |     3 |     3 |     1 ||     7
         Potion            |       |     1 |     1 ||     2
 Armour: Scale mail        |    65 |       |       ||    65
         Plate armour      |     5 |   128 |    19 ||   152
  Dodge: Dodged            |    41 |    44 |     7 ||    92
  Block: Buckler           |    27 |    24 |     2 ||    53

Table legend: (Time is in decaauts)
 A = Elapsed time spent in this place.
 B = Non-inter-level travel time spent in this place.
 C = Inter-level travel time spent in this place.
 D = Time resting spent in this place.
 E = Time spent auto-exploring this place.
 F = Levels seen in this place.
 G = Mean time per level.
                   A        B        C        D        E       F      G
               +--------+--------+--------+--------+--------+-----+--------+
         Total |   3240 |   3147 |     93 |     42 |   2436 |   6 |  540.0 |
       Dungeon |   2887 |   2794 |     93 |     42 |   2170 |   5 |  577.4 |
         Sewer |    353 |    353 |      0 |      0 |    265 |   1 |  353.0 |
               +--------+--------+--------+--------+--------+-----+--------+

Top non-repeatable levels by time:
     D:3: 764 daAuts
     D:2: 617 daAuts
     D:4: 600 daAuts
     D:1: 525 daAuts
     D:5: 379 daAuts
   Sewer: 353 daAuts
